Map: Ulzaan

Players

Cthulhu - Winner!

  • Race: Terran Terran
  • Spawn Location: 1:00

Throwfordays - Winner!

  • Race: Protoss Protoss
  • League: Bronze
  • Spawn Location: 3:00

Arnold

  • Race: Terran Terran
  • League: Silver
  • Spawn Location: 11:00

Redshift

  • Race: Zerg Zerg
  • League: Gold
  • Spawn Location: 9:00

VOD

Have the link to the VOD?

Description

Time

  • Played on: Jan. 31, 2019, 9:12 p.m.
  • Length: 16:49
Show
View Real Time Build Order
Export as new Build Order

Cthulhu Terran - Winner!

Build Orders:  

Get SALT Encoding   

  12  0:01  SCV  
  13  0:13  SCV  
  14  0:26  SCV  
  14  0:27  Supply Depot  
  15  0:48  Supply Depot  
  15  0:49  SCV  
  16  0:51  Barracks  
  16  0:56  Supply Depot  
  16  1:02  SCV  
  17  1:11  Refinery  
  17  1:16  SCV  
  18  1:28  SCV  
  19  1:39  Marine  
  20  1:46  Barracks  
  20  1:47  Orbital Command  
  20  1:54  Refinery  
  20  1:59  Barracks Tech Lab  
  20  2:16  SCV  
  21  2:23  Marine  
  22  2:35  Marine  
  23  2:41  Marine  
  24  2:44  Factory  
  24  2:49  SCV  
  25  2:55  Marine  
  26  3:15  Marine  
  26  3:16  Marauder  
  26  3:17  SCV  
  30  3:22  Engineering Bay  
  30  3:24  Supply Depot  
  30  3:33  SCV  
  31  3:35  Widow Mine  
  31  3:40  Marine, Marauder  
  36  3:49  Supply Depot  
  36  3:50  Armory  
  36  3:58  Factory Tech Lab  
  36  4:01  SCV  
  37  4:03  Stimpack  
  37  4:07  Sensor Tower  
  37  4:19  SCV  
  37  4:20  Marine x2  
  40  4:38  SCV  
  41  4:45  Missile Turret  
  41  4:50  Marine x2  
  43  4:58  Starport  
  43  5:02  Supply Depot  
  43  5:03  Terran Infantry Weapons Level 1  
  43  5:04  Terran Vehicle And Ship Armor Level 1  
  43  5:14  Missile Turret  
  43  5:15  SCV  
  44  5:43  Combat Shield, Starport Reactor  
  44  5:53  Command Center  
  43  6:36  Marine  
  43  6:37  Marauder  
  46  6:45  Widow Mine  
  48  6:51  Medivac  
  48  6:52  Medivac  
  52  7:04  Concussive Shells  
  52  7:06  Thor  
  58  7:20  Marine, SCV  
  58  7:21  Marauder  
  62  7:38  Orbital Command  
  62  7:40  SCV  
  63  7:53  Thor, Marauder  
  63  7:55  Barracks Reactor  
  71  8:03  Refinery  
  71  8:08  Terran Infantry Armor Level 1  
  71  8:12  Engineering Bay  
  71  8:13  Supply Depot  
  71  8:47  SCV x2  
  71  8:48  Marine x2  
  74  8:49  Marauder  
  74  8:50  Thor  
  83  9:27  SCV  
  83  9:28  Marine, SCV  
  86  9:33  Thor  
  86  9:34  Marauder  
  94  9:52  SCV  
  94  10:17  Marine x3, SCV, Medivac  
  76  10:35  Marine  
  70  11:10  Marine x2  
  70  11:11  Marauder  
  68  11:13  Viking, Widow Mine, Medivac  
  74  11:21  SCV x2  
  74  11:23  Refinery  
  76  11:33  Terran Infantry Weapons Level 2, Barracks  
  76  11:34  Command Center  
  76  11:35  Barracks  
  76  11:38  Supply Depot  
  76  11:45  Widow Mine  
  78  11:47  Marine x2, SCV x2  
  78  11:50  Marauder  
  84  12:03  Sensor Tower, Command Center  
  84  12:22  Barracks Reactor  
  84  12:24  Factory  
  84  12:30  Barracks Reactor  
  84  12:32  SCV x2  
  84  12:33  Marine x2, Marauder  
  84  12:36  Medivac  
  92  12:37  Viking  
  92  12:39  Widow Mine  
  95  13:27  Sensor Tower  
  95  13:32  Orbital Command  
  87  13:36  Marine x6, Marauder  
  94  13:53  Marine, Viking  
  94  13:54  Medivac  
  99  13:57  Marauder  
  101  14:07  Marine x5  
  108  14:10  Widow Mine  
  108  14:13  Orbital Command  
  107  14:31  Widow Mine  
  107  14:52  Marine x2, Marauder  
  111  15:04  SCV x3  
  114  15:36  Barracks Tech Lab, Marauder  
  114  15:37  Marine x4  
  114  15:39  Thor  
  114  15:40  Viking, Medivac  
  130  15:43  SCV x2  
  132  15:51  SCV  
Show
View Real Time Build Order
Export as new Build Order

Throwfordays Protoss - Winner!

Build Orders: 1 Gate Expand 

Get SALT Encoding   

  12  0:00  Probe  
  13  0:12  Probe  
  14  0:19  Pylon  
  14  0:25  Probe  
  15  0:37  Probe  
  15  0:39  Gateway  
  16  0:45  Assimilator  
  16  0:49  Probe  
  17  1:01  Probe  
  18  1:13  Probe  
  19  1:25  Probe  
  20  1:26  Cybernetics Core  
  20  1:32  Warp Gate  
  20  1:39  Nexus  
  20  1:47  Assimilator  
  20  2:08  Probe  
  21  2:20  Pylon, Probe  
  22  2:32  Probe  
  23  2:38  Stalker  
  23  2:41  Nexus  
  25  2:50  Probe  
  25  2:51  Probe  
  27  2:59  Probe  
  27  3:02  Probe  
  29  3:07  Pylon  
  29  3:14  Probe  
  30  3:20  Stalker  
  30  3:23  Probe  
  30  3:26  Probe  
  34  3:35  Stargate, Probe  
  34  3:38  Probe  
  36  3:42  Assimilator  
  36  3:47  Assimilator, Probe  
  37  3:51  Probe  
  37  3:54  Probe  
  39  3:59  Probe  
  40  4:03  Probe  
  40  4:06  Probe  
  40  4:09  Forge  
  42  4:11  Probe  
  42  4:15  Pylon, Probe  
  44  4:18  Probe  
  44  4:23  Probe  
  46  4:26  Pylon  
  46  4:27  Probe  
  46  4:30  Probe  
  46  4:31  Pylon  
  48  4:35  Probe  
  49  4:39  Probe  
  49  4:42  Probe  
  51  4:47  Probe  
  51  4:49  Assimilator  
  51  4:52  Probe  
  53  4:54  Assimilator, Probe  
  53  4:59  Probe  
  55  5:04  Probe  
  55  5:06  Probe  
  57  5:11  Probe  
  58  5:18  Probe  
  59  5:23  Probe  
  60  5:30  Protoss Shields Level 1  
  60  5:31  Probe  
  60  5:32  Photon Cannon  
  60  5:34  Photon Cannon  
  61  5:36  Probe  
  61  5:37  Photon Cannon  
  61  5:39  Photon Cannon  
  61  5:42  Photon Cannon  
  62  5:43  Probe  
  62  5:45  Stargate  
  62  5:48  Protoss Air Weapons Level 1, Stargate x2, Probe  
  64  5:54  Stargate  
  64  5:55  Probe  
  65  5:57  Fleet Beacon  
  65  5:58  Probe  
  65  6:00  Probe  
  65  6:03  Void Ray  
  67  6:10  Probe  
  72  6:24  Stalker  
  62  6:36  Probe  
  63  6:41  Void Ray x2  
  63  6:46  Void Ray  
  75  6:48  Probe  
  76  6:55  Probe  
  76  7:00  Probe  
  78  7:08  Probe  
  79  7:09  Photon Cannon  
  79  7:11  Pylon  
  79  7:12  Probe  
  79  7:13  Void Ray x2  
  88  7:20  Probe  
  89  7:24  Probe  
  90  7:34  Pylon  
  90  7:36  Probe  
  91  7:37  Probe  
  92  7:48  Probe  
  93  7:52  Twilight Council, Void Ray x3  
  105  8:00  Pylon, Probe  
  105  8:02  Pylon  
  106  8:07  Photon Cannon  
  106  8:09  Photon Cannon  
  106  8:18  Photon Cannon, Void Ray x2  
  114  8:21  Photon Cannon  
  114  8:24  Photon Cannon  
  111  8:52  Void Ray x3  
  111  8:54  Protoss Air Weapons Level 2  
  111  9:42  Protoss Shields Level 2  
  99  9:52  Probe  
  88  10:31  Tempest x5  
  113  10:37  Robotics Facility  
  113  10:38  Robotics Facility  
  113  10:41  Pylon x2  
  113  10:43  Pylon  
  113  10:44  Pylon  
  113  10:45  Nexus  
  113  10:46  Pylon  
  113  10:47  Pylon  
  113  10:50  Assimilator  
  113  10:53  Assimilator  
  113  11:08  Photon Cannon  
  113  11:09  Protoss Air Weapons Level 3, Photon Cannon  
  113  11:11  Photon Cannon  
  113  11:13  Void Ray x2  
  113  11:14  Void Ray  
  113  11:16  Pylon  
  125  11:18  Void Ray x2  
  133  11:39  Robotics Bay  
  133  11:54  Probe  
  134  11:56  Void Ray x2  
  134  11:57  Protoss Shields Level 3  
  142  12:06  Probe  
  142  12:07  Probe  
  144  12:12  Photon Cannon  
  144  12:13  Photon Cannon  
  144  12:16  Photon Cannon  
  144  12:18  Probe  
  144  12:19  Probe  
  144  12:22  Void Ray x2  
  146  12:23  Void Ray  
  146  12:25  Nexus  
  158  12:30  Probe  
  158  12:31  Probe  
  160  12:42  Probe  
  160  12:43  Probe  
  162  12:45  Assimilator  
  162  12:55  Probe  
  163  13:01  Void Ray x2  
  163  13:04  Pylon  
  163  13:05  Pylon, Void Ray x2  
  171  13:06  Pylon  
  171  13:07  Extended Thermal Lance  
  179  13:26  Mothership  
  186  13:46  Colossus x2  
  191  15:25  Assimilator  
  191  15:56  Observer  
  192  16:01  Observer  
Show
View Real Time Build Order
Export as new Build Order

Arnold Terran 

Build Orders:  

Get SALT Encoding   

  12  0:01  SCV  
  13  0:13  SCV  
  14  0:25  SCV  
  15  0:31  Supply Depot  
  15  0:52  SCV  
  16  0:58  Barracks  
  16  1:05  SCV  
  17  1:17  Refinery, SCV  
  18  1:21  Refinery  
  18  1:29  SCV  
  19  1:41  SCV  
  20  1:49  Marine  
  20  1:53  SCV  
  22  1:55  Engineering Bay  
  22  2:05  SCV  
  23  2:12  Command Center  
  23  2:13  Factory  
  23  2:26  Orbital Command  
  23  2:54  Supply Depot  
  23  3:06  Supply Depot  
  23  3:12  Starport  
  23  3:15  Marine, Starport  
  24  3:24  Supply Depot  
  24  3:26  Refinery  
  24  3:33  Marine  
  25  3:36  Orbital Command  
  25  3:39  SCV  
  26  3:49  Starport Reactor  
  26  3:57  Starport Reactor  
  26  3:58  Marine  
  27  4:03  Refinery  
  27  4:05  Missile Turret  
  27  4:12  SCV  
  28  4:19  Missile Turret  
  28  4:24  SCV x2  
  28  4:29  Viking  
  32  4:34  Viking  
  32  4:36  SCV  
  35  4:42  SCV  
  36  4:48  Viking x2  
  40  4:57  SCV  
  41  5:04  Viking  
  43  5:09  SCV  
  43  5:10  Viking  
  46  5:18  Viking  
  46  5:20  Viking  
  50  5:26  SCV  
  51  5:35  Viking  
  51  5:38  SCV  
  46  6:41  Viking x2  
  46  6:42  Viking x2  
  54  6:48  Marine  
  54  6:49  Starport  
  55  6:55  SCV  
  56  7:06  Marine  
  56  7:07  SCV  
  58  7:13  Armory  
  62  7:15  Viking x2  
  62  7:40  Missile Turret  
  62  7:54  Supply Depot  
  62  7:56  Supply Depot  
  62  8:02  Starport Reactor  
  62  8:06  Supply Depot  
  62  8:07  Terran Vehicle And Ship Armor Level 1  
  62  8:09  Armory  
  62  8:12  Hi-Sec Auto Tracking  
  62  8:15  Viking x3  
  62  8:16  SCV, Supply Depot  
  62  8:18  Viking  
  49  8:45  Liberator x3  
  49  8:47  Supply Depot, Liberator  
  61  8:49  Viking x2  
  65  9:03  Supply Depot  
  46  9:50  Liberator x2  
  46  9:51  Liberator x2  
  46  9:52  Viking  
  60  10:53  Viking x2  
  60  10:54  Viking x3  
  60  10:55  Viking  
  72  11:23  Viking x2  
  76  11:29  Refinery  
  76  11:56  Missile Turret  
  76  12:15  Missile Turret  
  76  13:07  Command Center  
  31  14:05  Missile Turret  
  30  14:10  Missile Turret  
  30  14:16  Missile Turret  
  30  14:17  Missile Turret  
  16  15:13  Orbital Command  
  16  15:48  SCV  
  17  15:57  Refinery  
  17  15:59  Refinery  
  17  16:00  SCV  
  18  16:12  SCV  
  17  16:24  SCV  
  17  16:36  SCV  
  17  16:37  Engineering Bay  
Show
View Real Time Build Order
Export as new Build Order

Redshift Zerg 

Build Orders: Pool First 

Get SALT Encoding   

  12  0:01  Drone  
  13  0:09  Drone  
  14  0:17  Overlord  
  14  0:36  Drone x3  
  17  0:49  Drone  
  18  0:50  Spawning Pool  
  18  0:54  Extractor  
  16  0:58  Drone  
  17  1:09  Drone  
  18  1:20  Drone  
  19  1:30  Drone  
  20  1:36  Queen  
  22  1:41  Overlord  
  22  2:01  Zergling x2  
  23  2:02  Hatchery  
  23  2:05  Drone  
  23  2:12  Queen  
  25  2:24  Zergling x4  
  25  2:29  Roach Warren  
  26  2:42  Zergling x2  
  27  3:13  Roach  
  27  3:15  Lair  
  27  3:17  Extractor  
  28  3:23  Hatchery  
  28  3:34  Drone  
  28  3:35  Overlord  
  28  3:42  Overlord x2  
  28  3:58  Queen  
  30  4:06  Drone x2  
  30  4:07  Drone  
  33  4:23  Roach x3  
  33  4:24  Roach x4  
  47  4:31  Drone  
  47  4:33  Drone  
  47  4:34  Drone  
  50  4:39  Drone  
  51  4:51  Drone  
  51  4:52  Hydralisk Den  
  51  4:53  Drone  
  51  4:56  Drone  
  51  4:58  Drone  
  54  5:22  Overseer  
  54  5:25  Grooved Spines  
  54  5:29  Evolution Chamber  
  54  5:31  Evolution Chamber  
  54  5:35  Drone x3  
  55  5:36  Queen  
  55  5:41  Overlord  
  57  6:04  Zerg Ground Armor Level 1  
  57  6:06  Zerg Missile Weapons Level 1  
  57  6:07  Glial Reconstitution  
  57  6:36  Muscular Augments  
  54  6:44  Hydralisk x2  
  54  6:45  Hydralisk x2  
  62  6:50  Drone  
  62  6:51  Drone x2  
  62  6:53  Overlord x2  
  62  6:54  Overlord  
  65  6:57  Overlord x2  
  65  7:19  Hydralisk  
  65  7:20  Hydralisk x3  
  73  7:25  Extractor  
  73  7:26  Drone x2  
  73  7:27  Drone x3  
  73  7:28  Extractor, Drone x2  
  78  7:31  Drone x2  
  78  7:34  Drone  
  81  8:03  Zerg Ground Armor Level 2  
  81  8:18  Infestation Pit  
  80  8:26  Drone x4  
  80  8:27  Drone x2  
  85  8:30  Drone x6  
  92  8:35  Extractor  
  92  8:39  Extractor  
  90  9:00  Hydralisk x2  
  90  9:01  Hydralisk x5  
  104  9:03  Overlord x2  
  104  9:22  Hydralisk x4  
  104  9:23  Hydralisk x2  
  116  9:24  Roach  
  116  9:28  Hydralisk  
  118  9:53  Overlord x3  
  118  10:01  Overlord x2  
  103  10:30  Drone x3  
  103  10:31  Queen  
  105  11:06  Queen  
  106  11:16  Hive  
  106  11:26  Hydralisk  
  106  11:27  Hydralisk x3  
  106  11:28  Roach x5, Hydralisk x3  
  106  11:29  Roach  
  106  11:30  Roach x5, Hydralisk  
  144  11:45  Overlord x3  
  144  12:02  Queen, Overseer x2  
  144  12:05  Overseer  
  144  12:06  Overseer  
  146  12:09  Roach x3, Hydralisk  
  146  12:10  Hatchery  
  146  12:13  Drone  
  154  12:19  Roach x3  
  154  12:21  Zerg Missile Weapons Level 2  
  160  12:28  Zerg Ground Armor Level 3  
  160  12:36  Drone x2  
  160  12:37  Drone  
  163  12:46  Roach x3  
  163  12:47  Overlord  
  163  12:48  Overlord  
  169  13:10  Roach x6  
  169  13:11  Roach, Hydralisk  
  185  13:12  Overlord  
  185  13:13  Overlord x3  
  185  13:34  Hydralisk  
  185  13:35  Hydralisk x6  
  183  13:52  Hydralisk x6  
  183  13:53  Hydralisk x2  
  175  14:37  Overlord x3  
  175  14:40  Overlord  
  175  14:41  Overlord x2  
  172  14:56  Overlord x2  
  172  15:39  Roach x5, Hydralisk x4  
  172  15:40  Hydralisk x2  
  194  15:52  Queen  
  87  16:29  Roach  
Tags
 
Add a new tag
Caveats
  • Supply blocks, unpowered buildings, or Contaminate may cause inaccurate times.
  • Supply counts are checked every 10 seconds.